General information
- name: BNet
- type: Ladder team game (AT/RT)
- host: Battle.net
- saver: codons_forsaken
map: FullScaleAssault
- players: 8
- length: 62:27
- speed: Fast
- version: 1.26 W3XP
- replay type: Public
» download(489 KB)
Players
team 1 (winner)
PokemonPower (
teal | 54 APM | 2306 actions | 42:30)
5 Dark Ranger
3 Black Arrow
2 Silence
2 Pit Lord
1 Rain of Fire
1 Cleaving Attack
» actions
| Assign group hotkey | 46 | |
| Basic commands | 209 | |
| Build / train | 78 | |
| ESC pressed | 17 | |
| Enter build submenu | 13 | |
| Enter hero's abilities submenu | 7 | |
| Give item / drop item | 2 | |
| Right click | 1085 | |
| Select / deselect | 450 | |
| Select group hotkey | 287 | |
| Use ability | 112 | |
2306 total
» units
| Wisp | 15 | |
| Archer | 12 | |
| Dryad | 18 | |
| Mountain Giant | 5 | |
| Druid of the Claw | 1 | |
51 total
» upgrades
| Strength of the Moon | 1 | |
| Strength of the Wild | 3 | |
| Reinforced Hides | 4 | |
| Abolish Magic | 1 | |
| Hardened Skin | 1 | |
| Well Spring | 1 | |
| Ultravision | 1 | |
| Nature's Blessing | 1 | |
| Backpack | 1 | |
| Resistant Skin | 1 | |
15 total
» buildings
| Ancient of War | 1 | |
| Moon Well | 6 | |
| Altar of Elders | 1 | |
| Tree of Ages | 1 | |
| Hunter's Hall | 1 | |
| Ancient of Lore | 2 | |
| Tree of Eternity | 1 | |
| Ancient of Wonders | 1 | |
14 total
» build order
00:30 Ancient of War
00:32 Moon Well
01:05 Altar of Elders
01:12 Moon Well
03:00 Moon Well
04:06 Tree of Ages
04:09 Hunter's Hall
06:31 Ancient of Lore
06:34 Ancient of Lore
07:47 Moon Well
07:53 Moon Well
07:59 Tree of Eternity
10:34 Ancient of Wonders
14:51 Moon Well
» items

»
rukuwa (
green | 45 APM | 1533 actions | 34:01)
4 Tauren Chieftain
2 War Stomp
1 Endurance Aura
1 Shockwave
3 Shadow Hunter
2 Healing Wave
1 Hex
2 Far Seer
1 Chain Lighting
1 Feral Spirit
» actions
| Assign group hotkey | 31 | |
| Basic commands | 96 | |
| Build / train | 88 | |
| Enter build submenu | 51 | |
| Enter hero's abilities submenu | 10 | |
| Give item / drop item | 3 | |
| Remove unit from queue | 6 | |
| Right click | 399 | |
| Select / deselect | 378 | |
| Select group hotkey | 326 | |
| Use ability | 145 | |
1533 total
» units
| Peon | 18 | |
| Grunt | 3 | |
| Goblin Shredder | 1 | |
| Tauren | 9 | |
| Goblin Zeppelin | 1 | |
| Shaman | 6 | |
| Spirit Walker | 3 | |
| Troll Witch Doctor | 4 | |
45 total
» upgrades
| Berserker Strength | 1 | |
| Shaman Training | 2 | |
| Reinforced Defenses | 1 | |
| Armor | 3 | |
| Melee Weapons | 4 | |
| Spirit Walker Training | 2 | |
| Pulverize | 1 | |
| Witch Doctor Training | 2 | |
| Spiked Barricades | 1 | |
17 total
» buildings
| Altar of Storms | 1 | |
| Orc Burrow | 9 | |
| Barracks | 1 | |
| War Mill | 1 | |
| Stronghold | 1 | |
| Great Hall | 2 | |
| Watch Tower | 28 | |
| Fortress | 1 | |
| Spirit Lodge | 2 | |
| Tauren Totem | 2 | |
| Voodoo Lounge | 1 | |
49 total
» build order
00:05 Altar of Storms
00:24 Orc Burrow
01:26 Barracks
02:10 Orc Burrow
02:19 War Mill
04:14 Stronghold
05:02 Orc Burrow
06:05 Orc Burrow
06:28 Great Hall
06:30 Watch Tower
06:31 Watch Tower
06:32 Watch Tower
07:54 Orc Burrow
07:59 Fortress
08:27 Spirit Lodge
09:30 Orc Burrow
10:24 Tauren Totem
10:29 Tauren Totem
11:10 Watch Tower
11:51 Orc Burrow
13:28 Spirit Lodge
13:50 Orc Burrow
14:34 Voodoo Lounge
15:36 Watch Tower
16:55 Watch Tower
18:22 Great Hall
18:24 Watch Tower
18:24 Watch Tower
19:32 Watch Tower
19:42 Watch Tower
20:22 Watch Tower
20:24 Watch Tower
20:28 Watch Tower
20:29 Watch Tower
22:30 Watch Tower
22:31 Watch Tower
23:36 Watch Tower
23:37 Watch Tower
24:46 Watch Tower
24:46 Watch Tower
25:59 Watch Tower
26:01 Watch Tower
27:07 Watch Tower
28:22 Watch Tower
28:24 Watch Tower
28:25 Watch Tower
28:27 Watch Tower
28:28 Watch Tower
33:34 Orc Burrow
» items
| Boots of Speed | 1 | |
| Orb of Lightning | 2 | |
| Potion of Healing | 1 | |
| Scroll of Town Portal | 2 | |
6 total
UberSonnen (
pink | 91 APM | 5689 actions | 62:22)
9 Mountain King
3 Storm Bolt
3 Bash
1 Avatar
2 Thunder Clap
1 Tauren Chieftain
1 Endurance Aura
» actions
| Assign group hotkey | 59 | |
| Basic commands | 764 | |
| Build / train | 122 | |
| ESC pressed | 9 | |
| Enter build submenu | 35 | |
| Enter hero's abilities submenu | 10 | |
| Give item / drop item | 5 | |
| Remove unit from queue | 3 | |
| Right click | 2700 | |
| Select / deselect | 902 | |
| Select group hotkey | 914 | |
| Use ability | 166 | |
5689 total
» units
| Peasant | 18 | |
| Footman | 20 | |
| Mortar Team | 9 | |
| Knight | 7 | |
| Siege Engine | 12 | |
66 total
» upgrades
| Defend | 1 | |
| Plating | 3 | |
| Swords | 3 | |
| Lumber Harvesting | 2 | |
| Masonry | 3 | |
| Fragmentation Shards | 1 | |
| Animal War Training | 1 | |
| Flare | 1 | |
| Gunpowder | 3 | |
| Armor | 3 | |
| Barrage | 1 | |
22 total
» buildings
| Altar of Kings | 1 | |
| Barracks | 3 | |
| Farm | 13 | |
| Arcane Vault | 3 | |
| Scout Tower | 1 | |
| Arcane Tower | 5 | |
| Keep | 4 | |
| Blacksmith | 1 | |
| Castle | 1 | |
| Lumber Mill | 2 | |
| Town Hall | 1 | |
| Workshop | 3 | |
38 total
» build order
00:22 Altar of Kings
00:34 Barracks
00:49 Farm
01:05 Farm
01:42 Farm
02:09 Barracks
02:25 Arcane Vault
02:57 Farm
03:09 Scout Tower
03:20 Farm
03:35 Arcane Tower
03:35 Arcane Tower
03:35 Arcane Tower
04:49 Farm
05:56 Keep
05:56 Keep
05:56 Keep
07:59 Farm
08:02 Blacksmith
10:07 Castle
10:11 Lumber Mill
12:14 Town Hall
12:26 Workshop
13:57 Farm
17:00 Workshop
18:08 Farm
18:09 Farm
20:25 Farm
21:11 Barracks
21:19 Workshop
21:49 Lumber Mill
28:20 Farm
28:21 Farm
33:59 Arcane Vault
34:22 Arcane Vault
» items
| Boots of Speed | 1 | |
| Scroll of Regeneration | 1 | |
| Lesser Clarity Potion | 3 | |
| Potion of Mana | 1 | |
| Orb of Fire | 1 | |
| Scroll of Town Portal | 1 | |
| Orb of Venom | 1 | |
| Staff of Teleportation | 1 | |
10 total
codons_forsaken (
blue | 68 APM | 4254 actions | 62:27)
5 Archmage
3 Blizzard
2 Brilliance Aura
4 Pit Lord
2 Rain of Fire
2 Cleaving Attack
4 Blood Mage
2 Flame Strike
2 Siphon Mana
2 Dark Ranger
1 Charm
1 Silence
1 Shadow Hunter
1 Hex
1 Far Seer
1 Feral Spirit
» actions
| Assign group hotkey | 108 | |
| Basic commands | 198 | |
| Build / train | 198 | |
| ESC pressed | 9 | |
| Enter build submenu | 72 | |
| Enter hero's abilities submenu | 19 | |
| Give item / drop item | 14 | |
| Right click | 1387 | |
| Select / deselect | 832 | |
| Select group hotkey | 889 | |
| Use ability | 528 | |
4254 total
» units
| Peasant | 26 | |
| Goblin Shredder | 3 | |
| Goblin Zeppelin | 5 | |
| Gryphon Rider | 7 | |
| Dryad | 7 | |
| Shaman | 2 | |
| Troll Witch Doctor | 4 | |
54 total
» upgrades
| Masonry | 3 | |
| Lumber Harvesting | 2 | |
| Magic Sentry | 1 | |
| Armor | 3 | |
| Swords | 3 | |
| Storm Hammers | 1 | |
| Plating | 1 | |
| Gunpowder | 1 | |
| Animal War Training | 1 | |
16 total
» buildings
| Farm | 11 | |
| Altar of Kings | 1 | |
| Lumber Mill | 3 | |
| Scout Tower | 213 | |
| Arcane Tower | 4 | |
| Guard Tower | 82 | |
| Town Hall | 3 | |
| Keep | 1 | |
| Castle | 1 | |
| Arcane Sanctum | 1 | |
| Blacksmith | 2 | |
| Gryphon Aviary | 8 | |
| Barracks | 1 | |
| Moon Well | 3 | |
| War Mill | 32 | |
366 total
» build order
00:10 Farm
00:15 Altar of Kings
00:45 Farm
01:26 Lumber Mill
01:32 Scout Tower
01:39 Farm
01:59 Arcane Tower
02:01 Scout Tower
02:23 Farm
02:24 Farm
02:31 Guard Tower
02:31 Guard Tower
02:39 Scout Tower
02:50 Farm
02:53 Farm
02:57 Farm
03:00 Scout Tower
03:03 Scout Tower
03:06 Guard Tower
03:07 Guard Tower
03:14 Scout Tower
03:31 Arcane Tower
03:42 Guard Tower
03:42 Guard Tower
03:53 Scout Tower
04:18 Scout Tower
04:45 Guard Tower
04:47 Scout Tower
04:50 Scout Tower
04:56 Scout Tower
05:24 Town Hall
05:34 Scout Tower
05:55 Guard Tower
06:17 Guard Tower
06:38 Guard Tower
06:44 Guard Tower
06:44 Guard Tower
06:44 Guard Tower
06:44 Guard Tower
07:27 Keep
07:46 Scout Tower
07:46 Scout Tower
07:46 Scout Tower
07:47 Scout Tower
07:47 Scout Tower
07:47 Scout Tower
08:32 Guard Tower
08:45 Scout Tower
08:46 Scout Tower
08:47 Scout Tower
08:47 Scout Tower
08:50 Guard Tower
08:51 Guard Tower
09:04 Guard Tower
09:16 Guard Tower
09:33 Scout Tower
09:33 Scout Tower
09:34 Scout Tower
09:35 Scout Tower
09:39 Scout Tower
09:40 Scout Tower
09:40 Scout Tower
09:41 Scout Tower
09:42 Scout Tower
09:43 Scout Tower
09:44 Scout Tower
09:45 Scout Tower
09:46 Scout Tower
09:47 Scout Tower
09:48 Scout Tower
09:49 Scout Tower
10:01 Farm
10:04 Guard Tower
10:10 Guard Tower
10:13 Guard Tower
10:30 Castle
10:36 Guard Tower
11:07 Guard Tower
11:10 Scout Tower
11:11 Scout Tower
11:12 Scout Tower
11:13 Scout Tower
11:18 Guard Tower
11:37 Guard Tower
11:42 Scout Tower
11:43 Scout Tower
11:43 Scout Tower
11:45 Scout Tower
11:45 Scout Tower
12:36 Arcane Tower
12:38 Guard Tower
12:38 Guard Tower
12:38 Guard Tower
12:40 Scout Tower
12:40 Scout Tower
12:40 Scout Tower
12:40 Scout Tower
12:41 Scout Tower
12:41 Scout Tower
12:41 Scout Tower
12:43 Scout Tower
12:43 Scout Tower
12:44 Scout Tower
12:44 Scout Tower
12:44 Scout Tower
12:44 Scout Tower
12:45 Scout Tower
12:45 Scout Tower
12:51 Guard Tower
12:51 Guard Tower
12:53 Scout Tower
12:53 Scout Tower
12:53 Scout Tower
12:53 Scout Tower
12:54 Scout Tower
12:54 Scout Tower
13:38 Guard Tower
13:39 Guard Tower
13:55 Guard Tower
14:06 Guard Tower
14:07 Arcane Sanctum
14:10 Scout Tower
14:11 Scout Tower
14:37 Town Hall
14:47 Guard Tower
15:02 Guard Tower
15:17 Guard Tower
15:20 Scout Tower
15:20 Scout Tower
15:21 Scout Tower
15:21 Scout Tower
15:21 Scout Tower
15:22 Scout Tower
15:49 Town Hall
16:01 Guard Tower
16:01 Guard Tower
16:04 Scout Tower
16:05 Scout Tower
16:06 Scout Tower
16:06 Scout Tower
16:46 Guard Tower
16:49 Scout Tower
16:49 Scout Tower
16:50 Scout Tower
16:50 Scout Tower
16:50 Scout Tower
16:50 Scout Tower
16:51 Scout Tower
16:51 Scout Tower
16:51 Scout Tower
17:27 Guard Tower
17:27 Guard Tower
17:31 Scout Tower
17:32 Scout Tower
17:32 Scout Tower
17:32 Scout Tower
17:32 Scout Tower
17:33 Scout Tower
17:33 Scout Tower
17:33 Scout Tower
17:33 Scout Tower
17:34 Scout Tower
17:54 Scout Tower
17:54 Scout Tower
17:54 Scout Tower
17:55 Scout Tower
17:55 Scout Tower
17:55 Scout Tower
17:56 Scout Tower
18:00 Guard Tower
18:00 Guard Tower
18:56 Guard Tower
18:58 Guard Tower
19:00 Scout Tower
19:01 Scout Tower
19:01 Scout Tower
19:02 Scout Tower
19:02 Scout Tower
19:02 Scout Tower
19:03 Scout Tower
19:03 Scout Tower
19:03 Scout Tower
19:04 Scout Tower
19:04 Scout Tower
19:04 Scout Tower
19:05 Scout Tower
19:05 Scout Tower
19:05 Scout Tower
19:05 Scout Tower
19:06 Scout Tower
19:06 Scout Tower
19:30 Guard Tower
19:30 Guard Tower
19:38 Guard Tower
19:57 Guard Tower
19:57 Guard Tower
20:03 Scout Tower
20:04 Scout Tower
20:05 Scout Tower
20:05 Scout Tower
20:23 Scout Tower
20:23 Scout Tower
20:24 Scout Tower
20:24 Scout Tower
20:25 Scout Tower
20:25 Scout Tower
20:26 Scout Tower
21:04 Guard Tower
21:08 Guard Tower
21:30 Scout Tower
21:31 Scout Tower
21:31 Scout Tower
21:31 Scout Tower
21:31 Scout Tower
21:32 Scout Tower
21:32 Scout Tower
21:33 Scout Tower
21:33 Scout Tower
21:33 Scout Tower
21:33 Scout Tower
21:34 Scout Tower
21:34 Scout Tower
21:36 Scout Tower
21:36 Scout Tower
21:36 Scout Tower
21:37 Scout Tower
21:37 Scout Tower
21:37 Scout Tower
21:38 Scout Tower
21:38 Scout Tower
21:38 Scout Tower
21:39 Scout Tower
21:39 Scout Tower
21:40 Scout Tower
21:40 Scout Tower
21:40 Scout Tower
21:41 Scout Tower
21:45 Guard Tower
22:11 Guard Tower
22:12 Guard Tower
22:17 Guard Tower
23:28 Scout Tower
23:28 Scout Tower
23:28 Scout Tower
23:29 Scout Tower
23:29 Scout Tower
23:29 Scout Tower
23:30 Scout Tower
23:30 Scout Tower
23:30 Scout Tower
23:44 Guard Tower
24:01 Blacksmith
24:02 Blacksmith
24:05 Lumber Mill
24:07 Guard Tower
24:24 Guard Tower
24:53 Guard Tower
25:51 Scout Tower
25:51 Scout Tower
25:52 Scout Tower
25:53 Scout Tower
25:54 Scout Tower
25:55 Scout Tower
25:55 Scout Tower
25:56 Scout Tower
25:57 Scout Tower
25:58 Scout Tower
25:59 Scout Tower
26:00 Scout Tower
26:05 Scout Tower
26:05 Scout Tower
26:06 Scout Tower
26:07 Scout Tower
26:08 Scout Tower
26:08 Scout Tower
26:33 Guard Tower
26:33 Guard Tower
26:35 Guard Tower
26:35 Guard Tower
26:37 Guard Tower
26:45 Guard Tower
27:12 Guard Tower
27:15 Lumber Mill
27:27 Gryphon Aviary
27:28 Gryphon Aviary
27:28 Gryphon Aviary
27:29 Gryphon Aviary
27:30 Gryphon Aviary
28:07 Scout Tower
28:08 Scout Tower
28:08 Scout Tower
28:08 Scout Tower
28:09 Scout Tower
28:09 Scout Tower
28:10 Scout Tower
28:10 Scout Tower
28:10 Scout Tower
28:11 Scout Tower
28:15 Guard Tower
28:17 Guard Tower
28:17 Guard Tower
28:58 Guard Tower
29:01 Guard Tower
31:32 Guard Tower
32:39 Barracks
33:06 Farm
33:07 Farm
35:20 Gryphon Aviary
35:20 Gryphon Aviary
35:21 Gryphon Aviary
38:50 Scout Tower
38:51 Scout Tower
38:52 Scout Tower
38:53 Scout Tower
38:54 Scout Tower
38:54 Scout Tower
38:55 Scout Tower
38:55 Scout Tower
38:56 Scout Tower
38:56 Scout Tower
43:01 Moon Well
43:02 Moon Well
43:02 Moon Well
45:37 Arcane Tower
60:53 War Mill
60:54 War Mill
60:54 War Mill
60:54 War Mill
60:54 War Mill
60:55 War Mill
60:55 War Mill
60:55 War Mill
60:55 War Mill
60:56 War Mill
60:56 War Mill
60:56 War Mill
60:56 War Mill
60:57 War Mill
60:57 War Mill
60:57 War Mill
60:57 War Mill
60:58 War Mill
60:58 War Mill
60:58 War Mill
60:58 War Mill
60:59 War Mill
60:59 War Mill
60:59 War Mill
» items
| Staff of Teleportation | 3 | |
| Ivory Tower | 10 | |
| Scroll of Regeneration | 1 | |
| Boots of Speed | 2 | |
| Scroll of Town Portal | 3 | |
19 total
team 2 (loser)
DarKNeSSCaLLsMe (
purple | 176 APM | 10227 actions | 58:08)
8 Death Knight
3 Death Coil
3 Unholy Aura
1 Animate Dead
1 Death Pact
7 Lich
3 Frost Nova
3 Frost Armor
1 Death and Decay
7 Dreadlord
3 Sleep
3 Carrion Swarm
1 Inferno
» actions
| Assign group hotkey | 85 | |
| Basic commands | 190 | |
| Build / train | 197 | |
| ESC pressed | 12 | |
| Enter build submenu | 63 | |
| Enter hero's abilities submenu | 23 | |
| Give item / drop item | 13 | |
| Right click | 4352 | |
| Select / deselect | 1534 | |
| Select group hotkey | 3060 | |
| Use ability | 698 | |
10227 total
» units
| Acolyte | 23 | |
| Ghoul | 2 | |
| Crypt Fiend | 15 | |
| Peon | 2 | |
| Goblin Shredder | 1 | |
| Goblin Zeppelin | 5 | |
| Shaman | 2 | |
| Frost Wyrm | 7 | |
| Gargoyle | 14 | |
| Obsidian Statue | 3 | |
74 total
» upgrades
| Shaman Training | 1 | |
| Witch Doctor Training | 1 | |
| Creature Attack | 3 | |
| Web | 1 | |
| Creature Carapace | 3 | |
| Destroyer Form | 1 | |
| Pulverize | 1 | |
| Stone Form | 1 | |
| Freezing Breath | 1 | |
13 total
» buildings
| Graveyard | 2 | |
| Crypt | 5 | |
| Altar of Darkness | 1 | |
| Ziggurat | 53 | |
| Tomb of Relics | 1 | |
| Nerubian Tower | 5 | |
| Orc Burrow | 4 | |
| Halls of the Dead | 1 | |
| Spirit Lodge | 2 | |
| Black Citadel | 1 | |
| Necropolis | 2 | |
| Sacrificial Pit | 1 | |
| Slaughterhouse | 2 | |
| Tauren Totem | 2 | |
| Boneyard | 3 | |
| Spirit Tower | 42 | |
127 total
» build order
00:04 Graveyard
00:07 Crypt
00:41 Altar of Darkness
00:56 Ziggurat
00:58 Ziggurat
01:22 Tomb of Relics
01:55 Nerubian Tower
02:09 Ziggurat
04:51 Ziggurat
05:16 Orc Burrow
05:24 Halls of the Dead
05:45 Nerubian Tower
07:01 Ziggurat
07:01 Ziggurat
07:22 Spirit Lodge
07:25 Spirit Lodge
07:47 Black Citadel
07:54 Necropolis
08:38 Orc Burrow
08:50 Sacrificial Pit
08:51 Slaughterhouse
08:52 Ziggurat
08:53 Ziggurat
09:35 Tauren Totem
09:38 Tauren Totem
10:20 Boneyard
10:21 Boneyard
10:22 Boneyard
11:30 Spirit Tower
11:30 Spirit Tower
11:30 Spirit Tower
13:37 Graveyard
13:53 Ziggurat
13:54 Ziggurat
13:55 Ziggurat
13:55 Ziggurat
13:56 Ziggurat
13:57 Ziggurat
14:05 Spirit Tower
14:05 Spirit Tower
14:35 Orc Burrow
14:36 Orc Burrow
14:45 Ziggurat
14:46 Ziggurat
14:46 Nerubian Tower
14:47 Spirit Tower
14:47 Spirit Tower
14:58 Spirit Tower
14:58 Spirit Tower
14:59 Spirit Tower
14:59 Spirit Tower
15:01 Ziggurat
15:02 Ziggurat
16:14 Ziggurat
16:15 Ziggurat
16:16 Ziggurat
16:17 Ziggurat
16:19 Ziggurat
16:20 Crypt
16:21 Crypt
16:22 Crypt
17:13 Spirit Tower
17:13 Spirit Tower
17:14 Spirit Tower
17:15 Ziggurat
17:15 Ziggurat
17:15 Ziggurat
17:31 Spirit Tower
17:31 Spirit Tower
17:32 Spirit Tower
17:32 Spirit Tower
17:32 Spirit Tower
17:49 Ziggurat
18:45 Ziggurat
19:09 Spirit Tower
19:10 Nerubian Tower
19:10 Spirit Tower
19:45 Spirit Tower
20:30 Ziggurat
20:32 Ziggurat
20:37 Ziggurat
20:38 Ziggurat
20:40 Ziggurat
20:45 Ziggurat
20:47 Ziggurat
21:20 Ziggurat
21:35 Spirit Tower
23:59 Spirit Tower
24:09 Ziggurat
24:10 Ziggurat
24:11 Ziggurat
24:12 Ziggurat
24:13 Ziggurat
24:14 Ziggurat
25:29 Spirit Tower
25:29 Spirit Tower
25:30 Spirit Tower
25:30 Spirit Tower
25:30 Spirit Tower
25:30 Spirit Tower
25:31 Spirit Tower
25:36 Slaughterhouse
35:59 Ziggurat
36:00 Ziggurat
36:01 Ziggurat
36:03 Ziggurat
36:04 Ziggurat
36:07 Ziggurat
36:08 Ziggurat
36:09 Crypt
37:17 Spirit Tower
37:17 Spirit Tower
38:44 Necropolis
39:01 Spirit Tower
39:01 Spirit Tower
39:02 Spirit Tower
39:02 Spirit Tower
46:39 Ziggurat
46:40 Ziggurat
47:05 Ziggurat
47:06 Ziggurat
48:56 Spirit Tower
» items
| Rod of Necromancy | 4 | |
| Sacrificial Skull | 1 | |
| Scroll of Regeneration | 1 | |
| Lesser Clarity Potion | 1 | |
| Potion of Healing | 6 | |
| Staff of Teleportation | 2 | |
| Boots of Speed | 1 | |
| Orb of Corruption | 1 | |
| Potion of Mana | 5 | |
| Scroll of Town Portal | 5 | |
| Potion of Lesser Invulnerability | 1 | |
| Periapt of Vitality | 1 | |
| Scroll of Healing | 3 | |
| Scroll of Protection | 1 | |
33 total

»
RoyalPanda (
orange | 44 APM | 2438 actions | 55:45)
6 Blood Mage
3 Flame Strike
2 Siphon Mana
1 Summon Phoenix
2 Blademaster
1 Critical Strike
1 Wind Walk
3 Archmage
2 Brilliance Aura
1 Blizzard
» actions
| Basic commands | 15 | |
| Build / train | 158 | |
| Enter build submenu | 68 | |
| Enter hero's abilities submenu | 10 | |
| Give item / drop item | 2 | |
| Right click | 1216 | |
| Select / deselect | 784 | |
| Use ability | 184 | |
2438 total
» units
| Peasant | 37 | |
| Footman | 7 | |
| Goblin Zeppelin | 1 | |
| Peon | 5 | |
| Sorceress | 2 | |
| Priest | 2 | |
| Spell Breaker | 3 | |
| Troll Witch Doctor | 4 | |
| Shaman | 4 | |
| Tauren | 5 | |
| Goblin Shredder | 1 | |
| Siege Engine | 7 | |
| Dragonhawk Rider | 7 | |
85 total
» upgrades
| Defend | 1 | |
| Spiked Barricades | 1 | |
| Masonry | 3 | |
| Lumber Harvesting | 2 | |
| Magic Sentry | 1 | |
| Priest Training | 2 | |
| Sorceress Training | 2 | |
| Shaman Training | 1 | |
| Witch Doctor Training | 1 | |
| Control Magic | 1 | |
| Melee Weapons | 3 | |
| Armor | 6 | |
| Swords | 3 | |
| Plating | 3 | |
| Flare | 1 | |
| Fragmentation Shards | 1 | |
| Flak Cannons | 1 | |
| Flying Machine Bombs | 1 | |
| Gunpowder | 3 | |
| Animal War Training | 1 | |
| Barrage | 1 | |
| Cloud | 1 | |
| Backpack | 1 | |
41 total
» buildings
| Altar of Kings | 1 | |
| Farm | 12 | |
| Lumber Mill | 1 | |
| Barracks | 2 | |
| Arcane Vault | 1 | |
| Scout Tower | 23 | |
| Keep | 1 | |
| Arcane Tower | 4 | |
| Fortress | 1 | |
| Spirit Lodge | 2 | |
| Castle | 1 | |
| Arcane Sanctum | 3 | |
| Town Hall | 2 | |
| Orc Burrow | 5 | |
| Blacksmith | 1 | |
| Guard Tower | 2 | |
| Workshop | 3 | |
| Gryphon Aviary | 3 | |
68 total
» build order
00:11 Altar of Kings
00:21 Farm
01:01 Farm
01:23 Lumber Mill
01:34 Barracks
01:44 Farm
02:36 Arcane Vault
02:46 Farm
03:23 Farm
04:02 Scout Tower
05:23 Scout Tower
05:26 Scout Tower
05:28 Keep
05:56 Scout Tower
05:59 Arcane Tower
06:06 Fortress
06:40 Arcane Tower
06:44 Scout Tower
06:46 Scout Tower
07:27 Arcane Tower
07:42 Spirit Lodge
07:43 Spirit Lodge
07:55 Castle
08:01 Arcane Sanctum
08:04 Arcane Sanctum
08:06 Arcane Sanctum
08:53 Town Hall
12:33 Town Hall
13:18 Farm
13:20 Farm
14:39 Farm
14:41 Farm
14:57 Orc Burrow
14:58 Orc Burrow
15:00 Orc Burrow
15:01 Orc Burrow
15:03 Orc Burrow
15:26 Scout Tower
15:26 Scout Tower
17:00 Farm
17:01 Farm
17:31 Farm
18:23 Blacksmith
18:41 Scout Tower
18:43 Scout Tower
18:44 Scout Tower
18:47 Scout Tower
19:13 Scout Tower
19:14 Scout Tower
19:15 Scout Tower
19:19 Scout Tower
19:32 Scout Tower
19:33 Scout Tower
19:35 Scout Tower
19:38 Scout Tower
19:39 Scout Tower
19:40 Scout Tower
19:42 Scout Tower
20:18 Guard Tower
22:38 Guard Tower
24:13 Arcane Tower
24:54 Barracks
25:06 Workshop
25:07 Workshop
25:09 Workshop
29:17 Gryphon Aviary
29:18 Gryphon Aviary
34:52 Gryphon Aviary
» items
| Scroll of Regeneration | 1 | |
| Lesser Clarity Potion | 1 | |
| Mechanical Critter | 1 | |
| Periapt of Vitality | 1 | |
| Circlet of Nobility | 1 | |
| Boots of Speed | 1 | |
| Scroll of Town Portal | 3 | |
| Orb of Fire | 1 | |
10 total

»
FOOK_ME (
red | 54 APM | 276 actions | 05:07)
1 Blademaster
1 Wind Walk
» actions
| Assign group hotkey | 1 | |
| Basic commands | 4 | |
| Build / train | 24 | |
| Enter build submenu | 7 | |
| Enter hero's abilities submenu | 1 | |
| Right click | 66 | |
| Select / deselect | 74 | |
| Select group hotkey | 83 | |
| Use ability | 16 | |
276 total
» units
» buildings
| Altar of Storms | 1 | |
| Orc Burrow | 3 | |
| Voodoo Lounge | 1 | |
| Stronghold | 1 | |
| War Mill | 1 | |
7 total
» build order
00:15 Altar of Storms
00:18 Orc Burrow
00:57 Voodoo Lounge
02:38 Stronghold
02:58 Orc Burrow
03:16 Orc Burrow
03:23 War Mill
» items
| Lesser Clarity Potion | 2 | |
| Healing Salve | 1 | |
| Scroll of Speed | 1 | |
4 total
ocean_right (
yellow | 63 APM | 3951 actions | 62:25)
8 Pit Lord
3 Rain of Fire
2 Cleaving Attack
1 Doom
2 Howl of Terror
4 Pandaren Brewmaster
2 Breath of Fire
1 Drunken Brawler
1 Drunken Haze
6 Dark Ranger
3 Silence
2 Life Drain
1 Charm
» actions
| Assign group hotkey | 79 | |
| Basic commands | 371 | |
| Build / train | 196 | |
| Enter build submenu | 60 | |
| Enter hero's abilities submenu | 20 | |
| Give item / drop item | 16 | |
| Right click | 1687 | |
| Select / deselect | 691 | |
| Select group hotkey | 382 | |
| Use ability | 449 | |
3951 total
» units
| Peasant | 59 | |
| Goblin Shredder | 5 | |
| Goblin Zeppelin | 1 | |
| Sorceress | 1 | |
| Tauren | 1 | |
| Blue Dragon | 1 | |
| Gryphon Rider | 2 | |
70 total
» upgrades
| Lumber Harvesting | 2 | |
| Masonry | 3 | |
| Magic Sentry | 1 | |
| Sorceress Training | 1 | |
| Animal War Training | 1 | |
| Swords | 1 | |
| Armor | 1 | |
| Storm Hammers | 1 | |
11 total
» buildings
| Farm | 11 | |
| Altar of Kings | 1 | |
| Lumber Mill | 3 | |
| Arcane Vault | 2 | |
| Scout Tower | 199 | |
| Guard Tower | 58 | |
| Town Hall | 2 | |
| Keep | 1 | |
| Arcane Tower | 2 | |
| Arcane Sanctum | 1 | |
| Castle | 1 | |
| Gryphon Aviary | 9 | |
| Blacksmith | 1 | |
| Barracks | 1 | |
292 total
» build order
00:15 Farm
00:29 Altar of Kings
00:59 Farm
01:10 Lumber Mill
01:14 Arcane Vault
01:37 Farm
02:32 Farm
03:28 Scout Tower
03:30 Scout Tower
04:07 Guard Tower
04:10 Town Hall
04:14 Scout Tower
04:22 Scout Tower
04:23 Scout Tower
04:23 Scout Tower
05:00 Farm
05:52 Keep
05:53 Guard Tower
06:03 Guard Tower
07:12 Scout Tower
07:13 Scout Tower
07:14 Scout Tower
07:14 Scout Tower
07:16 Scout Tower
07:16 Scout Tower
07:17 Scout Tower
07:17 Scout Tower
07:18 Scout Tower
07:18 Scout Tower
07:39 Scout Tower
07:39 Scout Tower
07:39 Scout Tower
07:41 Scout Tower
07:43 Scout Tower
07:44 Scout Tower
08:30 Guard Tower
08:38 Guard Tower
08:38 Guard Tower
08:38 Guard Tower
08:38 Guard Tower
08:45 Guard Tower
08:52 Guard Tower
08:55 Scout Tower
08:55 Scout Tower
08:56 Scout Tower
08:56 Scout Tower
08:57 Scout Tower
08:57 Scout Tower
09:02 Lumber Mill
09:24 Guard Tower
09:27 Guard Tower
09:29 Guard Tower
09:29 Guard Tower
09:29 Guard Tower
09:36 Scout Tower
09:54 Arcane Tower
09:54 Guard Tower
09:55 Guard Tower
09:55 Guard Tower
09:55 Guard Tower
09:59 Guard Tower
10:45 Town Hall
10:52 Scout Tower
10:55 Scout Tower
10:58 Scout Tower
10:58 Scout Tower
10:58 Scout Tower
10:59 Scout Tower
10:59 Scout Tower
10:59 Scout Tower
11:00 Scout Tower
11:01 Scout Tower
11:01 Scout Tower
11:03 Guard Tower
11:32 Arcane Tower
11:33 Guard Tower
11:33 Guard Tower
11:33 Guard Tower
11:34 Guard Tower
11:37 Guard Tower
11:40 Scout Tower
11:40 Scout Tower
11:40 Scout Tower
11:41 Scout Tower
11:41 Scout Tower
11:41 Scout Tower
11:42 Scout Tower
11:42 Scout Tower
11:43 Scout Tower
11:45 Scout Tower
11:45 Scout Tower
12:08 Lumber Mill
12:14 Arcane Sanctum
12:16 Guard Tower
12:29 Guard Tower
12:35 Guard Tower
12:46 Scout Tower
12:47 Scout Tower
12:47 Scout Tower
12:47 Scout Tower
12:48 Scout Tower
12:49 Scout Tower
12:49 Scout Tower
12:50 Scout Tower
12:51 Scout Tower
12:51 Scout Tower
13:07 Castle
13:10 Guard Tower
14:08 Guard Tower
14:13 Guard Tower
15:10 Guard Tower
15:28 Gryphon Aviary
15:28 Gryphon Aviary
15:30 Blacksmith
15:34 Barracks
15:37 Scout Tower
15:38 Scout Tower
15:38 Scout Tower
15:38 Scout Tower
15:39 Scout Tower
15:39 Scout Tower
15:41 Scout Tower
15:42 Scout Tower
15:42 Scout Tower
15:42 Scout Tower
15:45 Scout Tower
15:46 Scout Tower
15:47 Scout Tower
15:49 Scout Tower
15:50 Scout Tower
15:51 Scout Tower
15:51 Scout Tower
15:52 Scout Tower
15:53 Scout Tower
15:55 Scout Tower
15:56 Scout Tower
15:56 Scout Tower
15:57 Scout Tower
15:58 Scout Tower
16:00 Scout Tower
16:02 Scout Tower
16:04 Scout Tower
16:06 Scout Tower
16:06 Scout Tower
16:07 Scout Tower
16:08 Scout Tower
16:09 Scout Tower
16:10 Scout Tower
16:11 Scout Tower
16:12 Scout Tower
16:13 Scout Tower
16:14 Scout Tower
16:18 Guard Tower
16:23 Guard Tower
16:28 Arcane Vault
16:54 Guard Tower
16:57 Guard Tower
17:04 Scout Tower
17:04 Scout Tower
17:05 Scout Tower
17:06 Scout Tower
17:07 Scout Tower
17:07 Scout Tower
17:08 Scout Tower
17:09 Scout Tower
17:11 Scout Tower
17:11 Scout Tower
17:12 Scout Tower
17:13 Scout Tower
17:14 Scout Tower
17:16 Scout Tower
17:19 Scout Tower
17:22 Scout Tower
17:23 Scout Tower
17:26 Scout Tower
17:27 Scout Tower
17:36 Scout Tower
17:38 Scout Tower
17:39 Scout Tower
17:41 Scout Tower
17:42 Scout Tower
17:43 Scout Tower
17:45 Scout Tower
17:47 Scout Tower
17:48 Scout Tower
17:50 Scout Tower
17:52 Scout Tower
17:53 Scout Tower
17:54 Scout Tower
17:55 Scout Tower
17:56 Scout Tower
17:57 Scout Tower
17:58 Scout Tower
17:58 Scout Tower
17:59 Scout Tower
17:59 Scout Tower
18:00 Scout Tower
18:01 Scout Tower
18:01 Scout Tower
18:02 Scout Tower
18:03 Scout Tower
18:04 Scout Tower
18:04 Scout Tower
18:05 Scout Tower
18:07 Scout Tower
18:09 Scout Tower
18:09 Scout Tower
18:10 Scout Tower
18:11 Scout Tower
18:13 Scout Tower
18:13 Scout Tower
18:14 Scout Tower
18:15 Scout Tower
18:17 Scout Tower
18:17 Scout Tower
18:18 Scout Tower
18:18 Scout Tower
18:24 Guard Tower
18:26 Guard Tower
19:28 Guard Tower
19:59 Guard Tower
20:30 Guard Tower
20:52 Guard Tower
20:57 Scout Tower
20:57 Scout Tower
20:58 Scout Tower
20:58 Scout Tower
20:59 Scout Tower
21:00 Scout Tower
21:01 Scout Tower
21:04 Scout Tower
21:05 Scout Tower
21:05 Scout Tower
21:06 Scout Tower
21:07 Scout Tower
21:09 Scout Tower
21:09 Scout Tower
21:12 Guard Tower
22:24 Guard Tower
22:31 Scout Tower
22:31 Scout Tower
22:31 Scout Tower
22:32 Scout Tower
22:33 Scout Tower
22:33 Scout Tower
22:33 Scout Tower
22:33 Scout Tower
22:34 Scout Tower
22:34 Scout Tower
22:34 Scout Tower
22:34 Scout Tower
22:35 Scout Tower
22:35 Scout Tower
22:35 Scout Tower
22:35 Scout Tower
22:36 Scout Tower
22:36 Scout Tower
23:02 Guard Tower
23:03 Guard Tower
23:57 Guard Tower
24:51 Guard Tower
25:35 Guard Tower
25:36 Guard Tower
25:43 Guard Tower
25:44 Guard Tower
26:21 Guard Tower
34:15 Gryphon Aviary
34:17 Gryphon Aviary
34:20 Gryphon Aviary
34:23 Gryphon Aviary
34:25 Gryphon Aviary
34:27 Gryphon Aviary
34:40 Gryphon Aviary
34:56 Farm
34:57 Farm
34:58 Farm
34:59 Farm
35:02 Farm
35:02 Farm
» items
| Scroll of Regeneration | 2 | |
| Lesser Clarity Potion | 2 | |
| Circlet of Nobility | 5 | |
| Potion of Healing | 2 | |
| Potion of Mana | 1 | |
| Boots of Speed | 3 | |
| Staff of Teleportation | 3 | |
| Staff of Sanctuary | 3 | |
21 total
Chat log
(00:26 / 10) codons_forsaken: that darkness guy is a huge fiend tryhard
(00:51 / Allies) UberSonnen: i'm rushing
(00:54 / Allies) UberSonnen: whos' fucking with me
(00:57 / Allies) PokemonPower: stop turning me on
(01:00 / Allies) PokemonPower: OMG I AM WITH JEW
(02:09 / 10) codons_forsaken: i bet im gonna get raped by a bm
(02:12 / 10) codons_forsaken: im doing it wrong
(02:40 / 10) codons_forsaken: yep
(02:44 / 10) codons_forsaken: look at this bastard sprint
(03:27 / All) codons_forsaken: stick it up your ass you gross bastard
(03:49 / All) FOOK_ME: wow blue nice base
(05:33 / Allies) UberSonnen: retreat
(05:42 / 10) codons_forsaken: i sealed bottom
(05:51 / 10) codons_forsaken: well not footies
(05:52 / 10) codons_forsaken: but for heros
(05:57 / 10) codons_forsaken: is this over?
(06:04 / 10) codons_forsaken: or can u tower bot up
(06:31 / Allies) UberSonnen: blue
(06:34 / Allies) UberSonnen: my hero can't get through that
(06:36 / Allies) UberSonnen: kill one of those
(06:41 / Allies) UberSonnen: cancel
(07:12 / 10) codons_forsaken: r we playing this with tower chokes or not?
(07:22 / 10) codons_forsaken: you havent chatted me yet
(07:32 / 9) ocean_right: wat
(08:16 / 10) codons_forsaken: do i even need to tower top
(09:09 / 10) codons_forsaken: nvm
(09:13 / 10) codons_forsaken: that undead is gonna be a huge pain
(09:15 / 10) codons_forsaken: i guess i better
(09:25 / 10) codons_forsaken: hes a professional ffa player
(09:27 / 10) codons_forsaken: already has 2 expos
(09:46 / Allies) rukuwa: kill
(10:23 / 10) codons_forsaken: my ally just stomped @ a zepp
(10:52 / 10) codons_forsaken: steal his items if u can
(10:54 / 10) codons_forsaken: the red oens
(12:47 / Allies) rukuwa: purp other side
(13:04 / Allies) UberSonnen: someone use this
(13:11 / Allies) codons_forsaken: do you really think footmen are anything other than walking xp tomes at this point
(13:35 / Allies) PokemonPower: back out green
(13:42 / Allies) rukuwa: runing
(15:08 / 10) codons_forsaken: you should get cloud
(15:10 / 10) codons_forsaken: and fake ur team out with it
(15:28 / Allies) UberSonnen: its okay the tower got me
(16:48 / Allies) UberSonnen: tp
(18:04 / Allies) rukuwa: get air
(18:09 / 10) codons_forsaken: look at ur ud's expo
(19:08 / All) DarKNeSSCaLLsMe: Gonna be a long game ladies
(19:15 / Allies) UberSonnen: nuh uh
(19:19 / Allies) UberSonnen: i have mort/knight
(19:20 / Allies) PokemonPower: lol
(19:43 / 10) codons_forsaken: suicide some of the orcs stuff
(19:50 / 10) codons_forsaken: your ud is fine to defend
(19:53 / 10) codons_forsaken: against my idiot allies
(20:26 / Allies) PokemonPower: use that opening
(20:27 / 9) ocean_right: suicide how
(20:27 / Allies) PokemonPower: quick!
(20:32 / 10) codons_forsaken: attack move it top
(20:37 / 10) codons_forsaken: before my team suicides everythign they have
(20:44 / 10) codons_forsaken: "use that opening! quick!"
(21:43 / Allies) rukuwa: move in
(21:50 / Allies) codons_forsaken: you guys are gonna get raped
(23:03 / Allies) UberSonnen: gimme lumber
(23:12 / Allies) UberSonnen: teal
(23:14 / Allies) UberSonnen: give me wood
(23:15 / Allies) UberSonnen: i need
(23:27 / Allies) UberSonnen: ty
(23:33 / 10) codons_forsaken: see
(23:37 / 10) codons_forsaken: now this is just about over
(23:39 / 10) codons_forsaken: if they hit with that
(23:48 / 10) codons_forsaken: mess the orcs stuf f up
(23:49 / 10) codons_forsaken: as bset u can
(23:51 / 10) codons_forsaken: send casters in
(23:56 / Allies) UberSonnen: lol
(24:49 / Allies) UberSonnen: i have a group of morts
(24:51 / Allies) UberSonnen: wanna hit?
(25:09 / 9) ocean_right: tee hee hee
(25:14 / 9) ocean_right: teach u to follow mode
(26:05 / 9) ocean_right: traffic jam
(26:15 / Allies) UberSonnen: move in
(26:22 / Allies) UberSonnen: slo9w
(26:39 / Allies) UberSonnen: don't go into the towers
(26:42 / Allies) UberSonnen: stay back let me pepper them
(26:43 / Allies) rukuwa: draw them out
(27:25 / Allies) rukuwa: back
(27:26 / Allies) UberSonnen: back
(27:52 / Allies) UberSonnen: more shit wtf
(28:00 / Allies) UberSonnen: need more AA
(28:39 / All) DarKNeSSCaLLsMe: That mine has 2.5k left blue my nigga
(28:55 / All) codons_forsaken: no reason to defend it then
(29:02 / All) DarKNeSSCaLLsMe: But I like free experience
(29:03 / 10) codons_forsaken: look at this ffa nerd
(29:05 / 10) codons_forsaken: tryign to manip me
(30:30 / 10) codons_forsaken: u got me good
(30:36 / 10) codons_forsaken: with thos epeons
(30:39 / 10) codons_forsaken: you got me real good
(31:03 / 10) codons_forsaken: the ud has 13000 gold
(31:10 / 10) codons_forsaken: you better stop spending
(31:12 / 10) codons_forsaken: its gonna be us vs him
(31:14 / 10) codons_forsaken: and his level 10 heros
(31:22 / 10) codons_forsaken: suicide everything the orc has
(31:24 / 10) codons_forsaken: right away
(31:28 / 10) codons_forsaken: send it starigh through the twoers
(31:40 / Allies) UberSonnen: b
(31:49 / 9) ocean_right: should i click race for it
(31:52 / 10) codons_forsaken: yes
(31:57 / 10) codons_forsaken: he has 13k
(32:00 / 10) codons_forsaken: and hes a ffa player
(32:02 / 10) codons_forsaken: like
(32:05 / 10) codons_forsaken: that guy wins the ffa league
(32:14 / 10) codons_forsaken: that they have on garena
(33:14 / All) codons_forsaken: this is almost like playing ffa
(33:18 / All) DarKNeSSCaLLsMe: Almost
(33:20 / All) codons_forsaken: with the mass gold and towers
(33:25 / All) codons_forsaken: except ffa is a game for faggots
(33:30 / All) DarKNeSSCaLLsMe: Perhaps
(33:32 / All) PokemonPower: THAN I WANT TO FFA
(33:49 / All) DarKNeSSCaLLsMe: So who are you guys
(33:52 / All) DarKNeSSCaLLsMe: cant be former clan towa
(34:01 / 9) ocean_right: for tking or whatever
(34:04 / 10) codons_forsaken: get the aviaries
(35:53 / Allies) UberSonnen: so
(35:55 / Allies) UberSonnen: whats the plan
(36:57 / All) UberSonnen: mexican standoff
(37:08 / Allies) codons_forsaken: theyll get impatient and hit soon
(38:03 / 9) ocean_right: my team is asking me for gold and not the guy with 13k
(38:11 / 9) ocean_right: btw ud not mining anymore
(38:15 / 9) ocean_right: hes going 100 food
(38:27 / 9) ocean_right: neither am i
(38:30 / 10) codons_forsaken: try nto to scout the mid
(38:30 / 9) ocean_right: so i guess ill braek too
(38:38 / 9) ocean_right: theres a shade
(38:41 / 9) ocean_right: 2 in fact
(39:06 / Allies) UberSonnen: blue are you going to build units?
(39:32 / Allies) codons_forsaken: not sure hat units would be best
(40:30 / Allies) UberSonnen: they coming with dhawk
(42:11 / Allies) codons_forsaken: need aa
(43:44 / 9) ocean_right: should i teamkill?
(43:50 / 10) codons_forsaken: no i think im ok
(43:52 / 10) codons_forsaken: just let me get units here
(43:58 / 10) codons_forsaken: kill ur otwers off
(44:14 / Allies) codons_forsaken: use those units?
(44:20 / Allies) UberSonnen: for what
(45:25 / Allies) UberSonnen: blue
(45:28 / Allies) UberSonnen: u need dhawks
(45:30 / Allies) UberSonnen: for clud
(45:49 / All) DarKNeSSCaLLsMe: ^_^
(46:19 / Allies) UberSonnen: kay
(46:19 / Allies) UberSonnen: what now
(46:55 / Allies) codons_forsaken: lets hit
(46:59 / 10) codons_forsaken: im gonna direct my team to the ud base
(47:45 / Allies) codons_forsaken: use morts/tanks first
(47:51 / Allies) UberSonnen: wtf
(47:57 / Allies) UberSonnen: where's the towers?
(48:08 / Allies) UberSonnen: go?
(48:09 / Allies) UberSonnen: no towers
(48:14 / All) RoyalPanda: gold plz?
(48:21 / 10) codons_forsaken: tell him to ask the ud
(48:29 / 9) ocean_right: he did
(48:30 / 9) ocean_right: the ud said no
(48:34 / 9) ocean_right: also said ur a hacker
(49:08 / Allies) codons_forsaken: snd tanks
(49:29 / Allies) UberSonnen: where's cloud
(49:30 / Allies) codons_forsaken: stop tryign to hide tanks behind other units
(49:33 / Allies) codons_forsaken: send the fucking tanks in
(49:53 / Allies) codons_forsaken: wow you turd
(49:56 / Allies) UberSonnen: tanks are in
(49:56 / Allies) codons_forsaken: i bcan back up all day
(49:56 / Allies) UberSonnen: go
(49:58 / Allies) codons_forsaken: stop tryign to juke me
(50:56 / 10) codons_forsaken: lol we got raped
(51:12 / All) DarKNeSSCaLLsMe: Hope you got some gold reserves
(51:21 / All) RoyalPanda: lol
(51:22 / All) RoyalPanda: omg
(51:26 / All) RoyalPanda: the hackers probaly do
(52:00 / All) RoyalPanda: lol
(52:09 / 9) ocean_right: our ud has been badmouthing our strat all game
(52:20 / 9) ocean_right: he thinks ur outta gold from spending on towers
(52:34 / 9) ocean_right: right now ur pretty much even with him for gold
(53:33 / Allies) codons_forsaken: stop messing with the leaver
(54:10 / Allies) UberSonnen: blue
(54:14 / Allies) UberSonnen: u have birds
(54:15 / Allies) UberSonnen: bring them
(58:06 / All) DarKNeSSCaLLsMe: Almost lost 1v4
(58:07 / All) DarKNeSSCaLLsMe: sad ^^
(58:09 / All) codons_forsaken: easy
(58:16 / All) codons_forsaken: LOL
(58:17 / All) codons_forsaken: NERD HAS DND ON
(58:27 / All) codons_forsaken: EASY OWNED
(58:30 / All) codons_forsaken: IM FML CHAMP
(58:32 / All) codons_forsaken: OF 2012
(59:02 / 10) codons_forsaken: as soon as i realized wha t a ffa rat he was being
(59:09 / 10) codons_forsaken: burning him was way higher priority
(59:13 / 10) codons_forsaken: tghan the usual tower standoff
(59:30 / 10) codons_forsaken: kill the rest of mys tuff
(59:53 / 10) codons_forsaken: care
(59:56 / 10) codons_forsaken: u cant take those tanks
(60:35 / 10) codons_forsaken: my team still has 8k
(61:20 / Allies) UberSonnen: who was mana
(61:24 / Allies) UberSonnen: wtf!
(61:25 / Allies) UberSonnen: lol!
(61:28 / Allies) UberSonnen: why
(61:37 / Allies) UberSonnen: why u do that with green
(61:48 / Allies) codons_forsaken: that was the plan all along
(61:51 / Allies) UberSonnen: ?
(61:52 / Allies) codons_forsaken: no survivors
(61:53 / Allies) UberSonnen: to lose?
(61:58 / 9) ocean_right: what now
(62:01 / Allies) codons_forsaken: idk
(62:01 / Allies) UberSonnen: i don't get it
(62:05 / 10) codons_forsaken: ya
(62:16 / 9) ocean_right: th on
(62:17 / 10) codons_forsaken: 0n